Sénateurs vs Predators
(R1)
Created - 13 novembre 2014 at 23:09
Goals
|
| Sénateurs |
0 |
1 |
1 |
2 |
| Predators |
0 |
6 |
1 |
7 |
|
Shots
|
| Sénateurs |
1 |
12 |
12 |
25 |
| Predators |
1 |
21 |
5 |
27 |
|
1st period
No Goal
Penalties :
Michael Grabner (Nas) for Slashing (Double Minor) at 3:24, Kris Vernarsky (Nas) for Roughing (Double Minor) at 10:03
2nd period
1. Predators , Josef Vasicek 5 (Alexander Steen, Michael Grabner) at 2:15
2. Predators , Joe Thornton 10 (Alexander Ovechkin, Brad Boyes) at 3:34
3. Predators , Oleg Saprykin 6 (Kris Vernarsky) at 4:33
4. Predators , Joe Thornton 11 (Alexander Edler, Alexander Ovechkin) at 5:10 (PP)
5. Predators , Alexander Edler 7 (Georges Laraque) at 10:07
6. Predators , Joe Thornton 12 (Alexander Steen) at 10:17
7. Sénateurs , Darcy Hordichuk 15 (Jean-Pierre Dumont, Gilbert Brule) at 12:09
Penalties :
Jean-Pierre Dumont (Ott) for Hooking (Minor) at 4:57, Brad Boyes (Nas) for Fighting (Major) at 5:41, Dan Hamhuis (Ott) for Fighting (Major) at 5:41, Danny Richmond (Nas) for Fighting (Major) at 5:44, Vitaly Vishnevsky (Ott) for Fighting (Major) at 5:44, Gilbert Brule (Ott) for Interference (Minor) at 12:39
3rd period
8. Sénateurs , Darcy Hordichuk 16 (Gilbert Brule, Vladimir Mihalik) at 16:16
9. Predators , Brad Boyes 3 (Alexander Ovechkin, Joe Thornton) at 18:39
Penalties :
Alexander Ovechkin (Nas) for Fighting (Major) at 0:17, Dan Hamhuis (Ott) for Fighting (Major) at 0:17, Alexander Edler (Nas) for Fighting (Major) at 0:31, Gilbert Brule (Ott) for Fighting (Major) at 0:31, Barret Jackman (Nas) for Tripping (Minor) at 2:47, Joe Thornton (Nas) for High sticking (Minor) at 13:03
Goalie Stats
Jeff Deslauriers (Ott), 13 saves from 16 shots - (0,813), 34:50 minutes
Jonas Hiller (Ott), 7 saves from 11 shots - (0,636), L, 9-4-2, 25:10 minutes
Steve Mason (Nas), 23 saves from 25 shots - (0,920), W, 1-2-0, 60:00 minutes
Players Stats for Sénateurs
Player Name G A P +/- PIM S H SB GA TA FO MP PP MP PK MP
------------------------------------------------------------------------------------
Andrew Ebbett 0 0 0 0 0 1 0 0 1 0 3/5 12:49 3:03 0:17
Andy Hilbert 0 0 0 0 0 0 0 0 0 0 0/0 10:04 0:16 1:16
Andy McDonald 0 0 0 -1 0 1 1 1 1 0 0/1 18:32 4:16 0:17
B.J. Crombeen 0 0 0 0 0 0 0 0 1 0 0/0 10:51 1:58 0:00
Carlo Colaiacovo 0 0 0 -2 0 1 0 1 0 2 0/0 21:57 5:59 0:40
Dan Girardi 0 0 0 -2 0 1 0 0 0 0 0/0 22:47 5:59 0:40
Dan Hamhuis 0 0 0 -2 10 1 0 1 1 1 0/0 21:03 5:22 1:32
Darcy Hordichuk 2 0 2 -2 0 3 4 0 0 2 2/5 23:01 5:54 1:29
Daymond Langkow 0 0 0 -1 0 2 0 3 0 0 8/15 18:44 4:24 0:26
Gilbert Brule 0 2 2 -2 7 2 4 0 0 0 12/34 19:15 4:35 0:13
Jean-Pierre Dumont 0 1 1 -2 2 3 1 1 1 1 1/3 21:57 5:54 0:26
Nikita Alexeev 0 0 0 -1 0 0 1 0 0 0 0/0 8:54 1:11 0:00
Nikolai Kulemin 0 0 0 -1 0 3 0 0 0 0 0/1 7:43 0:00 0:00
Sami Salo 0 0 0 0 0 1 1 1 0 0 0/0 16:18 0:35 0:00
Todd Bertuzzi 0 0 0 -1 0 2 1 1 1 0 0/0 18:12 4:17 0:00
Vernon Fiddler 0 0 0 -1 0 1 0 0 0 1 3/6 7:43 0:00 0:00
Vitaly Vishnevsky 0 0 0 -2 5 1 2 0 0 1 0/0 22:40 5:57 1:32
Vladimir Mihalik 0 1 1 0 0 2 1 0 0 0 0/0 15:12 0:00 0:00
Players Stats for Predators
Player Name G A P +/- PIM S H SB GA TA FO MP PP MP PK MP
------------------------------------------------------------------------------------
Alexander Edler 1 1 2 4 5 4 2 2 1 0 0/0 22:48 1:30 5:20
Alexander Ovechkin 0 3 3 3 5 4 2 0 0 0 1/1 22:18 1:29 4:23
Alexander Steen 0 2 2 0 0 1 1 0 2 0 1/3 17:18 0:43 2:10
Andy Miele 0 0 0 0 0 0 0 1 0 1 0/1 7:30 0:00 0:00
Barret Jackman 0 0 0 2 2 0 0 1 0 0 0/0 13:18 0:00 0:06
Bobby Sanguinetti 0 0 0 -1 0 0 0 0 0 1 0/0 5:20 0:00 0:00
Brad Boyes 1 1 2 2 5 2 0 0 0 1 0/0 18:03 1:29 0:06
Danny Richmond 0 0 0 3 5 0 1 1 1 0 0/0 22:59 1:30 6:38
Georges Laraque 0 1 1 2 0 2 1 0 0 0 0/0 18:33 0:00 3:28
Joe Thornton 3 1 4 3 2 8 0 2 0 0 24/43 24:09 1:29 4:38
Josef Vasicek 1 0 1 -1 0 1 1 0 0 0 10/15 15:59 0:43 3:35
Kent Huskins 0 0 0 1 0 0 0 2 0 0 0/0 12:09 0:00 2:28
Kris Vernarsky 0 1 1 2 4 2 1 0 0 0 5/7 9:12 0:00 0:58
Michael Grabner 0 1 1 -1 4 0 1 0 2 0 0/0 13:48 0:43 0:00
Oleg Saprykin 1 0 1 2 0 3 3 2 0 0 0/0 19:46 0:00 4:27
Paul Mara 0 0 0 -1 0 0 0 0 0 2 0/0 7:00 0:00 1:10
Robyn Regehr 0 0 0 0 0 0 1 1 2 1 0/0 18:41 0:42 4:08
Ryan Mcdonagh 0 0 0 0 0 0 0 1 0 0 0/0 19:05 0:42 4:09
3 Stars
1 - Joe Thornton (Nas)
2 - Darcy Hordichuk (Ott)
3 - Oleg Saprykin (Nas)
Power Play
Sénateurs - 0 on 6 Attempt(s) - 0,00%
Predators - 1 on 2 Attempt(s) - 50,00%
Penalty Kill
Sénateurs - 1 on 2 Attempt(s) - 50,00%
- Score 0 goal in Penalty Kill
Predators - 6 on 6 Attempt(s) - 100,00%
- Score 0 goal in Penalty Kill
Official
Referees : Kimmerly Greg and Morton Dean
Linesman : Scott Cherrey and Mike Cvik
Game Notes
Jeff Deslauriers enters game at 5:10 of 2nd period
Brad Boyes beats up Dan Hamhuis at 5:41 of 2nd period
Vitaly Vishnevsky beats up Danny Richmond at 5:44 of 2nd period
Joe Thornton has scored a Hat Trick!
Alexander Ovechkin beats up Dan Hamhuis at 0:17 of 3rd period
Alexander Edler and Gilbert Brule fight to a draw at 0:31 of 3rd period
Finance
Level 1 -- Attendance: 4370 (72,83%) -- Ticket Income 388 930 $
Level 2 -- Attendance: 5000 (100,00%) -- Ticket Income 265 000 $
Level 3 -- Attendance: 1629 (81,45%) -- Ticket Income 57 015 $
Level 4 -- Attendance: 3224 (80,60%) -- Ticket Income 70 928 $
Luxury Box -- Attendance: 666 (66,60%) -- Ticket Income 126 540 $
Game was played at the Wildcat center
Total Attendance: 14889 (82,72%)
Total Ticket Income: 908 413 $
Other Income: 136 262 $
Total Income: 1 044 675 $
Sénateurs
5 vs 5 Forward
Center Left Wing Right Wing Time % Phy DF OF
1 Gilbert Brule Darcy Hordichuk Jean-Pierre Dumont 40 1 2 2
2 Daymond Langkow Andy McDonald Todd Bertuzzi 30 1 2 2
3 Andrew Ebbett Andy Hilbert B.J. Crombeen 20 1 2 2
4 Vernon Fiddler Nikolai Kulemin Nikita Alexeev 10 1 2 2
5 vs 5 Defense
Defense Defense Time % Phy DF OF
1 Vitaly Vishnevsky Dan Hamhuis 40 1 2 2
2 Dan Girardi Carlo Colaiacovo 30 1 2 2
3 Sami Salo Vladimir Mihalik 20 1 2 2
4 Vitaly Vishnevsky Dan Hamhuis 10 1 2 2
PowerPlay Forward
Center Left Wing Right Wing Time % Phy DF OF
1 Gilbert Brule Darcy Hordichuk Jean-Pierre Dumont 60 1 2 2
2 Daymond Langkow Andy McDonald Todd Bertuzzi 40 1 2 2
PowerPlay Defense
Defense Defense Time % Phy DF OF
1 Vitaly Vishnevsky Dan Hamhuis 60 1 2 2
2 Dan Girardi Carlo Colaiacovo 40 1 2 2
Penalty Kill 4 Players Forward
Center Wing Time % Phy DF OF
1 Darcy Hordichuk Gilbert Brule 60 1 2 2
2 Jean-Pierre Dumont Daymond Langkow 40 1 2 2
Penalty Kill 4 Players Defense
Defense Defense Time % Phy DF OF
1 Vitaly Vishnevsky Dan Hamhuis 60 1 2 2
2 Dan Girardi Carlo Colaiacovo 40 1 2 2
Penalty Kill - 3 Players Forward
Forward Time % Phy DF OF
1 Darcy Hordichuk 60 1 2 2
2 Gilbert Brule 40 1 2 2
Penalty Kill - 3 Players Defense
Defense Defense Time % Phy DF OF
1 Vitaly Vishnevsky Dan Hamhuis 60 1 2 2
2 Dan Girardi Carlo Colaiacovo 40 1 2 2
4 vs 4 Forward
Center Wing Time % Phy DF OF
1 Darcy Hordichuk Gilbert Brule 60 1 2 2
2 Jean-Pierre Dumont Daymond Langkow 40 1 2 2
4 vs 4 Defense
Defense Defense Time % Phy DF OF
1 Vitaly Vishnevsky Dan Hamhuis 60 1 2 2
2 Dan Girardi Carlo Colaiacovo 40 1 2 2
Last Minutes Offensive
Center Left Wing Right Wing Defense Defense
Gilbert Brule Darcy Hordichuk Jean-Pierre Dumont Vitaly Vishnevsky Dan Hamhuis
Last Minutes Defensive
Center Left Wing Right Wing Defense Defense
Gilbert Brule Darcy Hordichuk Jean-Pierre Dumont Vitaly Vishnevsky Dan Hamhuis
Goaltenders
Starting : Jonas Hiller
Backup : Jeff Deslauriers
Extra Forwards
Normal : Andrew Ebbett, B.J. Crombeen, Andy Hilbert - PP : Andrew Ebbett, B.J. Crombeen - PK : Andy Hilbert
Extra Defensemen
Normal : Sami Salo, Vladimir Mihalik, Dan Girardi - PP : Sami Salo - PK : Vladimir Mihalik, Dan Girardi
Penalty Shots
Darcy Hordichuk, Gilbert Brule, Jean-Pierre Dumont, Daymond Langkow, Todd Bertuzzi
Predators
5 vs 5 Forward
Center Left Wing Right Wing Time % Phy DF OF
1 Joe Thornton Alexander Ovechkin Brad Boyes 40 1 1 3
2 Josef Vasicek Alexander Steen Michael Grabner 28 1 2 2
3 Kris Vernarsky Oleg Saprykin Georges Laraque 18 1 2 2
4 Andy Miele Oleg Saprykin Georges Laraque 14 1 2 2
5 vs 5 Defense
Defense Defense Time % Phy DF OF
1 Danny Richmond Alexander Edler 40 1 2 2
2 Ryan Mcdonagh Robyn Regehr 30 1 2 2
3 Barret Jackman Kent Huskins 20 2 2 1
4 Paul Mara Bobby Sanguinetti 10 1 2 2
PowerPlay Forward
Center Left Wing Right Wing Time % Phy DF OF
1 Joe Thornton Alexander Ovechkin Brad Boyes 60 1 1 3
2 Josef Vasicek Alexander Steen Michael Grabner 40 1 1 3
PowerPlay Defense
Defense Defense Time % Phy DF OF
1 Danny Richmond Alexander Edler 60 1 2 2
2 Ryan Mcdonagh Robyn Regehr 40 1 2 2
Penalty Kill 4 Players Forward
Center Wing Time % Phy DF OF
1 Joe Thornton Oleg Saprykin 60 1 2 2
2 Alexander Ovechkin Georges Laraque 40 1 2 2
Penalty Kill 4 Players Defense
Defense Defense Time % Phy DF OF
1 Danny Richmond Alexander Edler 60 1 2 2
2 Ryan Mcdonagh Robyn Regehr 40 1 2 2
Penalty Kill - 3 Players Forward
Forward Time % Phy DF OF
1 Alexander Ovechkin 60 1 2 2
2 Joe Thornton 40 1 2 2
Penalty Kill - 3 Players Defense
Defense Defense Time % Phy DF OF
1 Danny Richmond Alexander Edler 60 1 2 2
2 Ryan Mcdonagh Robyn Regehr 40 1 2 2
4 vs 4 Forward
Center Wing Time % Phy DF OF
1 Joe Thornton Alexander Ovechkin 60 1 1 3
2 Alexander Steen Michael Grabner 40 1 2 2
4 vs 4 Defense
Defense Defense Time % Phy DF OF
1 Danny Richmond Alexander Edler 60 1 2 2
2 Ryan Mcdonagh Robyn Regehr 40 1 2 2
Last Minutes Offensive
Center Left Wing Right Wing Defense Defense
Joe Thornton Alexander Ovechkin Brad Boyes Danny Richmond Alexander Edler
Last Minutes Defensive
Center Left Wing Right Wing Defense Defense
Joe Thornton Alexander Ovechkin Georges Laraque Danny Richmond Alexander Edler
Goaltenders
Starting : Steve Mason
Backup : Kari Lehtonen
Extra Forwards
Normal : Alexander Steen, Michael Grabner, Oleg Saprykin - PP : Alexander Steen, Michael Grabner - PK : Oleg Saprykin
Extra Defensemen
Normal : Barret Jackman, Kent Huskins, Paul Mara - PP : Bobby Sanguinetti - PK : Kent Huskins, Paul Mara
Penalty Shots
Alexander Ovechkin, Joe Thornton, Michael Grabner, Alexander Steen, Brad Boyes
% Time on Ice - Sénateurs
Lines # - Real PCT - Wanted PCT - Time Play
Normal Forward
1 - 34% - 40% - 15:42
2 - 30% - 30% - 13:58
3 - 18% - 20% - 8:29
4 - 17% - 10% - 7:43
Normal Defense
1 - 40% - 40% - 18:12
2 - 35% - 30% - 16:00
3 - 22% - 20% - 10:17
4 - 3% - 10% - 1:23
PP Forward
1 - 60% - 60% - 7:08
2 - 40% - 40% - 4:48
PP Defense
1 - 50% - 60% - 5:57
2 - 50% - 40% - 5:59
PK Forward
1 - 80% - 60% - 1:46
2 - 20% - 40% - 0:26
PK Defense
1 - 70% - 60% - 1:32
2 - 30% - 40% - 0:40
PK3 Forward
1 - 0% - 60%
2 - 0% - 40%
PK3 Defense
1 - 0% - 60%
2 - 0% - 40%
44 Forward
1 - 0% - 60%
2 - 0% - 40%
44 Defense
1 - 0% - 60%
2 - 0% - 40%
Last Minute Offensive - 0:00
Last Minute Defensive - 0:00
Total
Forward - 60:00
Defense - 60:00
|
% Time on Ice - Predators
Lines # - Real PCT - Wanted PCT - Time Play
Normal Forward
1 - 40% - 40% - 18:18
2 - 26% - 28% - 11:55
3 - 18% - 18% - 8:09
4 - 16% - 14% - 7:30
Normal Defense
1 - 39% - 40% - 17:49
2 - 31% - 30% - 14:03
3 - 19% - 20% - 8:40
4 - 12% - 10% - 5:20
PP Forward
1 - 67% - 60% - 1:29
2 - 33% - 40% - 0:43
PP Defense
1 - 68% - 60% - 1:30
2 - 32% - 40% - 0:42
PK Forward
1 - 71% - 60% - 8:28
2 - 29% - 40% - 3:28
PK Defense
1 - 61% - 60% - 7:15
2 - 39% - 40% - 4:41
PK3 Forward
1 - 0% - 60%
2 - 0% - 40%
PK3 Defense
1 - 0% - 60%
2 - 0% - 40%
44 Forward
1 - 0% - 60%
2 - 0% - 40%
44 Defense
1 - 0% - 60%
2 - 0% - 40%
Last Minute Offensive - 0:00
Last Minute Defensive - 0:00
Total
Forward - 60:00
Defense - 60:00
|
Play by Play
1st period
0:01 of 1st period - Gilbert Brule wins face-off versus Joe Thornton in neutral zone.
0:26 of 1st period - Todd Bertuzzi is hit by Josef Vasicek and loses puck.
1:09 of 1st period - Off-side.
1:10 of 1st period - Joe Thornton wins face-off versus Vernon Fiddler in neutral zone.
2:42 of 1st period - Snap shot by Jean-Pierre Dumont.
2:42 of 1st period - Shot Misses the Net.
2:54 of 1st period - Darcy Hordichuk is hit by Alexander Ovechkin and loses puck.
3:09 of 1st period - Slapshot by Alexander Edler.
3:09 of 1st period - Stopped by Jonas Hiller with a rebound.
3:11 of 1st period - Backhand shot by Danny Richmond.
3:11 of 1st period - Deflect By Michael Grabner.
3:11 of 1st period - Shot Misses the Net.
3:11 of 1st period - Puck is out of play.
3:12 of 1st period - Josef Vasicek wins face-off versus Daymond Langkow in Sénateurs zone.
3:15 of 1st period - Snap shot by Michael Grabner.
3:15 of 1st period - Shot Misses the Net.
3:24 of 1st period - Double Minor Penalty to Michael Grabner for Slashing.
3:25 of 1st period - Joe Thornton wins face-off versus Gilbert Brule in Predators zone.
5:41 of 1st period - Andrew Ebbett is hit by Alexander Steen and loses puck.
7:24 of 1st period - Penalty to Michael Grabner is over, Michael Grabner is back on ice.
9:40 of 1st period - Josef Vasicek is hit by Todd Bertuzzi and loses puck.
9:48 of 1st period - Icing by Bobby Sanguinetti.
9:49 of 1st period - Vernon Fiddler wins face-off versus Joe Thornton in Predators zone.
10:03 of 1st period - Double Minor Penalty to Kris Vernarsky for Roughing.
10:04 of 1st period - Joe Thornton wins face-off versus Gilbert Brule in Predators zone.
10:04 of 1st period - Joe Thornton is hit by Darcy Hordichuk.
10:20 of 1st period - Snap shot by Darcy Hordichuk.
10:20 of 1st period - Shot Blocked by Joe Thornton.
11:42 of 1st period - Josef Vasicek is hit by Gilbert Brule and loses puck.
12:09 of 1st period - Slapshot by Vitaly Vishnevsky.
12:09 of 1st period - Deflect By Georges Laraque.
12:09 of 1st period - Stopped by Steve Mason without a rebound.
12:10 of 1st period - Josef Vasicek wins face-off versus Darcy Hordichuk in Predators zone.
13:15 of 1st period - Alexander Steen is hit by Jean-Pierre Dumont and loses puck.
14:03 of 1st period - Penalty to Kris Vernarsky is over, Kris Vernarsky is back on ice.
18:17 of 1st period - Dan Hamhuis is hit by Alexander Ovechkin and loses puck.
18:38 of 1st period - Vernon Fiddler is hit by Kris Vernarsky.
Goals for this period are 0 for Sénateurs vs 0 for Predators.
Shots for this period are 1 for Sénateurs vs 1 for Predators.
2nd period
0:01 of 2nd period - Gilbert Brule wins face-off versus Joe Thornton in neutral zone.
0:04 of 2nd period - Wrist shot by Gilbert Brule.
0:04 of 2nd period - Shot Blocked by Alexander Edler.
0:06 of 2nd period - Slapshot by Vitaly Vishnevsky.
0:06 of 2nd period - Shot Misses the Net.
0:08 of 2nd period - Snap shot by Jean-Pierre Dumont.
0:08 of 2nd period - Shot Misses the Net.
0:14 of 2nd period - Snap shot by Darcy Hordichuk.
0:14 of 2nd period - Stopped by Steve Mason without a rebound.
0:15 of 2nd period - Gilbert Brule wins face-off versus Joe Thornton in Predators zone.
0:25 of 2nd period - Icing by Darcy Hordichuk.
0:26 of 2nd period - Joe Thornton wins face-off versus Gilbert Brule in Sénateurs zone.
0:37 of 2nd period - Slapshot by Joe Thornton.
0:37 of 2nd period - Stopped by Jonas Hiller without a rebound.
0:38 of 2nd period - Joe Thornton wins face-off versus Gilbert Brule in Sénateurs zone.
0:39 of 2nd period - Slapshot by Alexander Edler.
0:39 of 2nd period - Stopped by Jonas Hiller with a rebound.
0:41 of 2nd period - Wrist shot by Alexander Ovechkin.
0:41 of 2nd period - Stopped by Jonas Hiller without a rebound.
0:42 of 2nd period - Joe Thornton wins face-off versus Gilbert Brule in Sénateurs zone.
2:00 of 2nd period - Snap shot by Nikolai Kulemin.
2:00 of 2nd period - Stopped by Steve Mason without a rebound.
2:01 of 2nd period - Josef Vasicek wins face-off versus Gilbert Brule in Predators zone.
2:01 of 2nd period - Josef Vasicek is hit by Darcy Hordichuk.
2:15 of 2nd period - Wrist shot by Alexander Steen.
2:15 of 2nd period - Deflect By Josef Vasicek.
2:15 of 2nd period - Goal by Josef Vasicek - Sénateurs : 0 - Predators : 1.
2:16 of 2nd period - Gilbert Brule wins face-off versus Joe Thornton in neutral zone.
2:20 of 2nd period - Off-side.
2:21 of 2nd period - Joe Thornton wins face-off versus Gilbert Brule in neutral zone.
2:36 of 2nd period - Wrist shot by Gilbert Brule.
2:36 of 2nd period - Shot Misses the Net.
2:55 of 2nd period - Off-side.
2:56 of 2nd period - Daymond Langkow wins face-off versus Josef Vasicek in neutral zone.
2:59 of 2nd period - Slapshot by Carlo Colaiacovo.
2:59 of 2nd period - Deflect By Daymond Langkow.
2:59 of 2nd period - Shot Blocked by Robyn Regehr.
2:59 of 2nd period - Puck is out of play.
3:00 of 2nd period - Daymond Langkow wins face-off versus Josef Vasicek in Predators zone.
3:03 of 2nd period - Wrist shot by Todd Bertuzzi.
3:03 of 2nd period - Deflect By Ryan Mcdonagh.
3:03 of 2nd period - Shot Misses the Net.
3:03 of 2nd period - Puck is out of play.
3:04 of 2nd period - Josef Vasicek wins face-off versus Daymond Langkow in Predators zone.
3:10 of 2nd period - Icing by Carlo Colaiacovo.
3:11 of 2nd period - Joe Thornton wins face-off versus Daymond Langkow in Sénateurs zone.
3:24 of 2nd period - Wrist shot by Joe Thornton.
3:24 of 2nd period - Stopped by Jonas Hiller without a rebound.
3:25 of 2nd period - Joe Thornton wins face-off versus Gilbert Brule in Sénateurs zone.
3:28 of 2nd period - Snap shot by Alexander Ovechkin.
3:28 of 2nd period - Deflect By Brad Boyes.
3:28 of 2nd period - Stopped by Jonas Hiller with a rebound.
3:34 of 2nd period - Wrist shot by Joe Thornton.
3:34 of 2nd period - Goal by Joe Thornton - Sénateurs : 0 - Predators : 2.
3:35 of 2nd period - Joe Thornton wins face-off versus Gilbert Brule in neutral zone.
4:25 of 2nd period - Snap shot by Oleg Saprykin.
4:25 of 2nd period - Stopped by Jonas Hiller without a rebound.
4:26 of 2nd period - Kris Vernarsky wins face-off versus Gilbert Brule in Sénateurs zone.
4:31 of 2nd period - Snap shot by Kris Vernarsky.
4:31 of 2nd period - Shot Blocked by Jean-Pierre Dumont.
4:33 of 2nd period - Snap shot by Oleg Saprykin.
4:33 of 2nd period - Goal by Oleg Saprykin - Sénateurs : 0 - Predators : 3.
4:34 of 2nd period - Joe Thornton wins face-off versus Gilbert Brule in neutral zone.
4:43 of 2nd period - Wrist shot by Alexander Ovechkin.
4:43 of 2nd period - Shot Misses the Net.
4:57 of 2nd period - Minor Penalty to Jean-Pierre Dumont for Hooking.
4:58 of 2nd period - Darcy Hordichuk wins face-off versus Joe Thornton in Sénateurs zone.
5:10 of 2nd period - Snap shot by Joe Thornton.
5:10 of 2nd period - Goal by Joe Thornton - Sénateurs : 0 - Predators : 4.
5:10 of 2nd period - Jeff Deslauriers enters game.
5:11 of 2nd period - Gilbert Brule wins face-off versus Joe Thornton in neutral zone.
5:22 of 2nd period - Snap shot by Gilbert Brule.
5:22 of 2nd period - Stopped by Steve Mason with a rebound.
5:28 of 2nd period - Snap shot by Alexander Ovechkin.
5:28 of 2nd period - Stopped by Jeff Deslauriers without a rebound.
5:29 of 2nd period - Josef Vasicek wins face-off versus Daymond Langkow in Sénateurs zone.
5:34 of 2nd period - Wrist shot by Alexander Steen.
5:34 of 2nd period - Stopped by Jeff Deslauriers with a rebound.
5:40 of 2nd period - Snap shot by Josef Vasicek.
5:40 of 2nd period - Deflect By Alexander Steen.
5:40 of 2nd period - Shot Blocked by Dan Hamhuis.
5:40 of 2nd period - Puck is out of play.
5:41 of 2nd period - Joe Thornton wins face-off versus Gilbert Brule in Sénateurs zone.
5:41 of 2nd period - Brad Boyes beats up Dan Hamhuis.
5:41 of 2nd period - Penalty to Brad Boyes for Fighting.
5:41 of 2nd period - Penalty to Dan Hamhuis for Fighting.
5:42 of 2nd period - Gilbert Brule wins face-off versus Joe Thornton in Sénateurs zone.
5:44 of 2nd period - Vitaly Vishnevsky beats up Danny Richmond.
5:44 of 2nd period - Penalty to Danny Richmond for Fighting.
5:44 of 2nd period - Penalty to Vitaly Vishnevsky for Fighting.
5:45 of 2nd period - Gilbert Brule wins face-off versus Alexander Steen in neutral zone.
6:01 of 2nd period - Icing by Joe Thornton.
6:02 of 2nd period - Joe Thornton wins face-off versus Daymond Langkow in Predators zone.
6:09 of 2nd period - Snap shot by Joe Thornton.
6:09 of 2nd period - Stopped by Jeff Deslauriers with a rebound.
6:11 of 2nd period - Slapshot by Alexander Ovechkin.
6:11 of 2nd period - Shot Blocked by Daymond Langkow.
6:13 of 2nd period - Slapshot by Alexander Edler.
6:13 of 2nd period - Stopped by Jeff Deslauriers with a rebound.
6:23 of 2nd period - Snap shot by Joe Thornton.
6:23 of 2nd period - Shot Blocked by Andy McDonald.
6:39 of 2nd period - Snap shot by Joe Thornton.
6:39 of 2nd period - Stopped by Jeff Deslauriers without a rebound.
6:40 of 2nd period - Kris Vernarsky wins face-off versus Jean-Pierre Dumont in Sénateurs zone.
6:47 of 2nd period - Wrist shot by Oleg Saprykin.
6:47 of 2nd period - Shot Misses the Net.
6:49 of 2nd period - Snap shot by Georges Laraque.
6:49 of 2nd period - Deflect By Kris Vernarsky.
6:49 of 2nd period - Stopped by Jeff Deslauriers without a rebound.
6:50 of 2nd period - Kris Vernarsky wins face-off versus Gilbert Brule in Sénateurs zone.
7:05 of 2nd period - Oleg Saprykin is hit by Vladimir Mihalik and loses puck.
7:16 of 2nd period - Vladimir Mihalik is hit by Oleg Saprykin and loses puck.
7:27 of 2nd period - Wrist shot by Jean-Pierre Dumont.
7:27 of 2nd period - Stopped by Steve Mason without a rebound.
7:28 of 2nd period - Joe Thornton wins face-off versus Andy McDonald in Predators zone.
7:41 of 2nd period - Snap shot by Joe Thornton.
7:41 of 2nd period - Shot Misses the Net.
7:43 of 2nd period - Snap shot by Ryan Mcdonagh.
7:43 of 2nd period - Shot Misses the Net.
7:45 of 2nd period - Slapshot by Ryan Mcdonagh.
7:45 of 2nd period - Shot Misses the Net.
8:15 of 2nd period - Nikolai Kulemin is hit by Oleg Saprykin and loses puck.
8:30 of 2nd period - Snap shot by Jean-Pierre Dumont.
8:30 of 2nd period - Stopped by Steve Mason without a rebound.
8:31 of 2nd period - Joe Thornton wins face-off versus Gilbert Brule in Predators zone.
8:54 of 2nd period - Wrist shot by Alexander Steen.
8:54 of 2nd period - Shot Blocked by Daymond Langkow.
9:00 of 2nd period - Snap shot by Todd Bertuzzi.
9:00 of 2nd period - Shot Misses the Net.
9:02 of 2nd period - Slapshot by Andy McDonald.
9:02 of 2nd period - Shot Misses the Net.
9:04 of 2nd period - Wrist shot by Todd Bertuzzi.
9:04 of 2nd period - Stopped by Steve Mason without a rebound.
9:05 of 2nd period - Alexander Ovechkin wins face-off versus Gilbert Brule in Predators zone.
9:26 of 2nd period - Snap shot by Oleg Saprykin.
9:26 of 2nd period - Shot Blocked by Sami Salo.
9:38 of 2nd period - Icing by Georges Laraque.
9:39 of 2nd period - Kris Vernarsky wins face-off versus Gilbert Brule in Predators zone.
9:39 of 2nd period - Kris Vernarsky is hit by Darcy Hordichuk.
9:45 of 2nd period - Alexander Edler is hit by Gilbert Brule and loses puck.
10:05 of 2nd period - Wrist shot by Georges Laraque.
10:05 of 2nd period - Stopped by Jeff Deslauriers with a rebound.
10:07 of 2nd period - Slapshot by Alexander Edler.
10:07 of 2nd period - Goal by Alexander Edler - Sénateurs : 0 - Predators : 5.
10:08 of 2nd period - Joe Thornton wins face-off versus Gilbert Brule in neutral zone.
10:17 of 2nd period - Slapshot by Joe Thornton.
10:17 of 2nd period - Goal by Joe Thornton - Sénateurs : 0 - Predators : 6.
10:18 of 2nd period - Gilbert Brule wins face-off versus Josef Vasicek in neutral zone.
11:38 of 2nd period - Snap shot by Andy Hilbert.
11:38 of 2nd period - Shot Misses the Net.
11:48 of 2nd period - Snap shot by Kris Vernarsky.
11:48 of 2nd period - Stopped by Jeff Deslauriers with a rebound.
12:00 of 2nd period - Kent Huskins is hit by Darcy Hordichuk and loses puck.
12:07 of 2nd period - Snap shot by Jean-Pierre Dumont.
12:07 of 2nd period - Shot Blocked by Barret Jackman.
12:09 of 2nd period - Slapshot by Darcy Hordichuk.
12:09 of 2nd period - Goal by Darcy Hordichuk - Sénateurs : 1 - Predators : 6.
12:10 of 2nd period - Gilbert Brule wins face-off versus Joe Thornton in neutral zone.
12:16 of 2nd period - Off-side.
12:17 of 2nd period - Jean-Pierre Dumont wins face-off versus Joe Thornton in neutral zone.
12:20 of 2nd period - Brad Boyes is hit by Gilbert Brule and loses puck.
12:39 of 2nd period - Minor Penalty to Gilbert Brule for Interference.
12:40 of 2nd period - Joe Thornton wins face-off versus Darcy Hordichuk in Sénateurs zone.
13:07 of 2nd period - Icing by Brad Boyes.
13:08 of 2nd period - Darcy Hordichuk wins face-off versus Joe Thornton in Predators zone.
14:39 of 2nd period - Penalty to Gilbert Brule is over, Gilbert Brule is back on ice.
14:56 of 2nd period - Slapshot by Oleg Saprykin.
14:56 of 2nd period - Stopped by Jeff Deslauriers with a rebound.
15:10 of 2nd period - Snap shot by Daymond Langkow.
15:10 of 2nd period - Shot Misses the Net.
15:27 of 2nd period - Icing by Dan Girardi.
15:28 of 2nd period - Kris Vernarsky wins face-off versus Andrew Ebbett in Sénateurs zone.
17:30 of 2nd period - Slapshot by Dan Hamhuis.
17:30 of 2nd period - Stopped by Steve Mason with a rebound.
17:55 of 2nd period - Off-side.
17:56 of 2nd period - Josef Vasicek wins face-off versus Nikolai Kulemin in neutral zone.
18:06 of 2nd period - Icing by Nikita Alexeev.
18:07 of 2nd period - Joe Thornton wins face-off versus Vernon Fiddler in Sénateurs zone.
18:26 of 2nd period - Brad Boyes is hit by Nikita Alexeev and loses puck.
18:51 of 2nd period - Snap shot by Nikita Alexeev.
18:51 of 2nd period - Deflect By Vernon Fiddler.
18:51 of 2nd period - Stopped by Steve Mason with a rebound.
18:53 of 2nd period - Snap shot by Vernon Fiddler.
18:53 of 2nd period - Shot Blocked by Danny Richmond.
18:55 of 2nd period - Slapshot by Nikolai Kulemin.
18:55 of 2nd period - Stopped by Steve Mason with a rebound.
18:57 of 2nd period - Slapshot by Nikolai Kulemin.
18:57 of 2nd period - Stopped by Steve Mason with a rebound.
18:59 of 2nd period - Slapshot by Vernon Fiddler.
18:59 of 2nd period - Shot Misses the Net.
19:01 of 2nd period - Snap shot by Vernon Fiddler.
19:01 of 2nd period - Shot Misses the Net.
19:03 of 2nd period - Snap shot by Nikolai Kulemin.
19:03 of 2nd period - Deflect By Vernon Fiddler.
19:03 of 2nd period - Shot Blocked by Alexander Edler.
19:03 of 2nd period - Puck is out of play.
19:04 of 2nd period - Josef Vasicek wins face-off versus Gilbert Brule in Predators zone.
19:11 of 2nd period - Snap shot by Josef Vasicek.
19:11 of 2nd period - Shot Misses the Net.
19:13 of 2nd period - Snap shot by Robyn Regehr.
19:13 of 2nd period - Shot Misses the Net.
19:15 of 2nd period - Slapshot by Robyn Regehr.
19:15 of 2nd period - Shot Misses the Net.
19:17 of 2nd period - Slapshot by Robyn Regehr.
19:17 of 2nd period - Shot Misses the Net.
19:31 of 2nd period - Kris Vernarsky is hit by Vitaly Vishnevsky and loses puck.
19:36 of 2nd period - Slapshot by Daymond Langkow.
19:36 of 2nd period - Stopped by Steve Mason without a rebound.
19:37 of 2nd period - Daymond Langkow wins face-off versus Josef Vasicek in Predators zone.
Goals for this period are 1 for Sénateurs vs 6 for Predators.
Shots for this period are 12 for Sénateurs vs 21 for Predators.
3rd period
0:01 of 3rd period - Joe Thornton wins face-off versus Gilbert Brule in neutral zone.
0:17 of 3rd period - Alexander Ovechkin beats up Dan Hamhuis.
0:17 of 3rd period - Penalty to Alexander Ovechkin for Fighting.
0:17 of 3rd period - Penalty to Dan Hamhuis for Fighting.
0:18 of 3rd period - Alexander Steen wins face-off versus Gilbert Brule in neutral zone.
0:21 of 3rd period - Gilbert Brule is hit by Danny Richmond and loses puck.
0:31 of 3rd period - Alexander Edler and Gilbert Brule fight to a draw.
0:31 of 3rd period - Penalty to Alexander Edler for Fighting.
0:31 of 3rd period - Penalty to Gilbert Brule for Fighting.
0:32 of 3rd period - Joe Thornton wins face-off versus Andrew Ebbett in Sénateurs zone.
0:57 of 3rd period - Todd Bertuzzi is hit by Oleg Saprykin and loses puck.
1:24 of 3rd period - Vernon Fiddler is hit by Michael Grabner and loses puck.
2:47 of 3rd period - Minor Penalty to Barret Jackman for Tripping.
2:48 of 3rd period - Andrew Ebbett wins face-off versus Joe Thornton in Predators zone.
2:54 of 3rd period - Wrist shot by Darcy Hordichuk.
2:54 of 3rd period - Shot Blocked by Kent Huskins.
2:56 of 3rd period - Snap shot by Jean-Pierre Dumont.
2:56 of 3rd period - Stopped by Steve Mason without a rebound.
2:57 of 3rd period - Andrew Ebbett wins face-off versus Joe Thornton in Predators zone.
3:00 of 3rd period - Wrist shot by Andrew Ebbett.
3:00 of 3rd period - Shot Misses the Net.
3:02 of 3rd period - Wrist shot by Andrew Ebbett.
3:02 of 3rd period - Shot Misses the Net.
3:04 of 3rd period - Slapshot by Carlo Colaiacovo.
3:04 of 3rd period - Shot Misses the Net.
3:06 of 3rd period - Slapshot by Carlo Colaiacovo.
3:06 of 3rd period - Stopped by Steve Mason with a rebound.
3:33 of 3rd period - Snap shot by Andrew Ebbett.
3:33 of 3rd period - Stopped by Steve Mason with a rebound.
3:35 of 3rd period - Slapshot by Dan Girardi.
3:35 of 3rd period - Shot Blocked by Kent Huskins.
3:37 of 3rd period - Snap shot by Dan Girardi.
3:37 of 3rd period - Stopped by Steve Mason without a rebound.
3:38 of 3rd period - Daymond Langkow wins face-off versus Joe Thornton in Predators zone.
4:22 of 3rd period - Icing by Daymond Langkow.
4:23 of 3rd period - Joe Thornton wins face-off versus Daymond Langkow in Sénateurs zone.
4:47 of 3rd period - Penalty to Barret Jackman is over, Barret Jackman is back on ice.
5:17 of 3rd period - Backhand shot by Josef Vasicek.
5:17 of 3rd period - Deflect By Georges Laraque.
5:17 of 3rd period - Shot Misses the Net.
5:17 of 3rd period - Puck is out of play.
5:18 of 3rd period - Andrew Ebbett wins face-off versus Joe Thornton in Sénateurs zone.
5:53 of 3rd period - Off-side.
5:54 of 3rd period - Daymond Langkow wins face-off versus Kris Vernarsky in neutral zone.
5:56 of 3rd period - Off-side.
5:57 of 3rd period - Daymond Langkow wins face-off versus Kris Vernarsky in neutral zone.
6:00 of 3rd period - Slapshot by Vladimir Mihalik.
6:00 of 3rd period - Shot Misses the Net.
6:02 of 3rd period - Wrist shot by Todd Bertuzzi.
6:02 of 3rd period - Deflect By Daymond Langkow.
6:02 of 3rd period - Stopped by Steve Mason with a rebound.
6:04 of 3rd period - Wrist shot by Todd Bertuzzi.
6:04 of 3rd period - Shot Misses the Net.
6:06 of 3rd period - Slapshot by Sami Salo.
6:06 of 3rd period - Shot Blocked by Oleg Saprykin.
6:24 of 3rd period - Georges Laraque is hit by Andy McDonald and loses puck.
7:10 of 3rd period - Icing by Sami Salo.
7:11 of 3rd period - Daymond Langkow wins face-off versus Joe Thornton in Sénateurs zone.
7:18 of 3rd period - Wrist shot by Todd Bertuzzi.
7:18 of 3rd period - Shot Misses the Net.
7:20 of 3rd period - Slapshot by Vladimir Mihalik.
7:20 of 3rd period - Stopped by Steve Mason with a rebound.
7:22 of 3rd period - Snap shot by Andy McDonald.
7:22 of 3rd period - Stopped by Steve Mason with a rebound.
7:24 of 3rd period - Snap shot by Sami Salo.
7:24 of 3rd period - Shot Misses the Net.
7:26 of 3rd period - Wrist shot by Andy McDonald.
7:26 of 3rd period - Shot Blocked by Ryan Mcdonagh.
7:28 of 3rd period - Wrist shot by Vladimir Mihalik.
7:28 of 3rd period - Stopped by Steve Mason with a rebound.
7:30 of 3rd period - Snap shot by Daymond Langkow.
7:30 of 3rd period - Shot Misses the Net.
7:32 of 3rd period - Wrist shot by Daymond Langkow.
7:32 of 3rd period - Shot Blocked by Joe Thornton.
7:34 of 3rd period - Wrist shot by Todd Bertuzzi.
7:34 of 3rd period - Stopped by Steve Mason with a rebound.
7:36 of 3rd period - Snap shot by Todd Bertuzzi.
7:36 of 3rd period - Shot Misses the Net.
7:38 of 3rd period - Backhand shot by Andy McDonald.
7:38 of 3rd period - Shot Misses the Net.
7:40 of 3rd period - Slapshot by Sami Salo.
7:40 of 3rd period - Shot Misses the Net.
7:42 of 3rd period - Slapshot by Sami Salo.
7:42 of 3rd period - Shot Misses the Net.
7:44 of 3rd period - Wrist shot by Sami Salo.
7:44 of 3rd period - Stopped by Steve Mason without a rebound.
7:45 of 3rd period - Josef Vasicek wins face-off versus Jean-Pierre Dumont in Predators zone.
7:50 of 3rd period - Snap shot by Michael Grabner.
7:50 of 3rd period - Shot Misses the Net.
9:55 of 3rd period - Off-side.
9:56 of 3rd period - Josef Vasicek wins face-off versus Vernon Fiddler in neutral zone.
10:55 of 3rd period - Oleg Saprykin is hit by Sami Salo and loses puck.
11:44 of 3rd period - Wrist shot by Andy Miele.
11:44 of 3rd period - Shot Misses the Net.
12:22 of 3rd period - Carlo Colaiacovo is hit by Robyn Regehr and loses puck.
12:48 of 3rd period - Wrist shot by Oleg Saprykin.
12:48 of 3rd period - Shot Blocked by Daymond Langkow.
12:50 of 3rd period - Wrist shot by Ryan Mcdonagh.
12:50 of 3rd period - Deflect By Georges Laraque.
12:50 of 3rd period - Shot Blocked by Carlo Colaiacovo.
12:50 of 3rd period - Puck is out of play.
12:51 of 3rd period - Gilbert Brule wins face-off versus Joe Thornton in Sénateurs zone.
13:03 of 3rd period - Minor Penalty to Joe Thornton for High sticking.
13:04 of 3rd period - Gilbert Brule wins face-off versus Josef Vasicek in Predators zone.
13:17 of 3rd period - Snap shot by Gilbert Brule.
13:17 of 3rd period - Stopped by Steve Mason without a rebound.
13:18 of 3rd period - Josef Vasicek wins face-off versus Darcy Hordichuk in Predators zone.
15:03 of 3rd period - Penalty to Joe Thornton is over, Joe Thornton is back on ice.
15:21 of 3rd period - Snap shot by Joe Thornton.
15:21 of 3rd period - Stopped by Jeff Deslauriers without a rebound.
15:22 of 3rd period - Vernon Fiddler wins face-off versus Joe Thornton in Sénateurs zone.
16:14 of 3rd period - Wrist shot by Gilbert Brule.
16:14 of 3rd period - Shot Misses the Net.
16:16 of 3rd period - Wrist shot by Darcy Hordichuk.
16:16 of 3rd period - Goal by Darcy Hordichuk - Sénateurs : 2 - Predators : 6.
16:17 of 3rd period - Joe Thornton wins face-off versus Gilbert Brule in neutral zone.
16:20 of 3rd period - Darcy Hordichuk is hit by Alexander Edler and loses puck.
16:43 of 3rd period - Vitaly Vishnevsky is hit by Alexander Edler and loses puck.
17:06 of 3rd period - Snap shot by Georges Laraque.
17:06 of 3rd period - Shot Blocked by Todd Bertuzzi.
17:08 of 3rd period - Snap shot by Georges Laraque.
17:08 of 3rd period - Stopped by Jeff Deslauriers without a rebound.
17:09 of 3rd period - Gilbert Brule wins face-off versus Andy Miele in Sénateurs zone.
17:16 of 3rd period - Slapshot by Carlo Colaiacovo.
17:16 of 3rd period - Shot Blocked by Andy Miele.
17:24 of 3rd period - Slapshot by Darcy Hordichuk.
17:24 of 3rd period - Deflect By Gilbert Brule.
17:24 of 3rd period - Shot Blocked by Oleg Saprykin.
17:24 of 3rd period - Puck is out of play.
17:25 of 3rd period - Joe Thornton wins face-off versus Daymond Langkow in Predators zone.
17:52 of 3rd period - Josef Vasicek is hit by Gilbert Brule and loses puck.
18:19 of 3rd period - Andy Hilbert is hit by Georges Laraque and loses puck.
18:29 of 3rd period - Off-side.
18:30 of 3rd period - Vernon Fiddler wins face-off versus Joe Thornton in neutral zone.
18:35 of 3rd period - Snap shot by Alexander Ovechkin.
18:35 of 3rd period - Stopped by Jeff Deslauriers with a rebound.
18:37 of 3rd period - Snap shot by Alexander Ovechkin.
18:37 of 3rd period - Deflect By Vernon Fiddler.
18:37 of 3rd period - Stopped by Jeff Deslauriers with a rebound.
18:39 of 3rd period - Snap shot by Brad Boyes.
18:39 of 3rd period - Goal by Brad Boyes - Sénateurs : 2 - Predators : 7.
18:40 of 3rd period - Joe Thornton wins face-off versus Gilbert Brule in neutral zone.
19:07 of 3rd period - Michael Grabner is hit by Vitaly Vishnevsky and loses puck.
19:13 of 3rd period - Off-side.
19:14 of 3rd period - Daymond Langkow wins face-off versus Alexander Steen in neutral zone.
Goals for this period are 1 for Sénateurs vs 1 for Predators.
Shots for this period are 12 for Sénateurs vs 5 for Predators.
Output by the SimonT Hockey Simulator (STHS) for François Prévost -- Original Page W3C XHTML 1.0 Valid